 Dungeon Crawl Stone Soup version bcrawl-1.40.3b (webtiles) character file.

Game seed: 16082311474438667687

158003 Artagas the Sneak (level 5, 0/25 HPs)
             Began as a Spriggan Enchanter on Dec 4, 2023.
             Slain by Grinder (5 damage)
             ... while paralysed by Grinder
             ... on level 4 of the Dungeon.
             The game lasted 00:06:17 (2846 turns).

Artagas the Sneak (Spriggan Enchanter)              Turns: 2846, Time: 00:06:17

Health: 0/25       AC:  2    Str:  5    XL:     5   Next: 71%
Magic:  4/11       EV:  4    Int: 16    God:
Gold:   245        SH:  0    Dex: 17    Spells: 2/11 levels left

rFire    . . .     GDR:     28% i - +1 dagger (speed)
rCold    . . .     SeeInvis +   (shield restricted)
rNeg     . . .     Gourm    .   b - +0 robe
rPois    .         Faith    .   o - +0 hat
rElec    .         Spirit   .   (no cloak)
rCorr    .         Reflect  .   (gloves unavailable)
MR       .....                  (boots unavailable)
Stlth    +++.......             (no amulet)
HPRegen  0.14/turn              (no ring)
MPRegen  0.12/turn              (no ring)

@: paralysed, lethally poisoned (0 -> -7), very slightly contaminated, very
quick
A: very small, unfitting armour, see invisible, herbivore, speed 3, slow
metabolism 2
a: no special abilities


You were on level 4 of the Dungeon.
You were not hungry.

You visited 1 branch of the dungeon, and saw 4 of its levels.

You collected 245 gold pieces.

Inventory:

Hand Weapons
 i - a +1 dagger of speed (weapon)
   (You took it off a kobold on level 1 of the Dungeon)
Armour
 b - a +0 robe (worn)
 j - a +0 buckler
   (You found it on level 1 of the Dungeon)
 n - a cursed +0 ring mail
   (You found it on level 3 of the Dungeon)
 o - a +0 hat (worn)
   (You found it on level 2 of the Dungeon)
Jewellery
 g - a +4 ring of evasion {unknown}
   (You found it on level 3 of the Dungeon)
 p - a cursed ring of see invisible {unknown}
   (You found it on level 3 of the Dungeon)
Wands
 l - a wand of polymorph (10)
   (You found it on level 2 of the Dungeon)
Scrolls
 a - a scroll of revelation
 c - a scroll of blinking {unknown}
 d - 2 scrolls of fog
 k - a scroll of amnesia {unknown}
Potions
 f - a potion of invisibility
 h - a potion of haste
 m - 2 potions of mutation
 q - 4 potions of curing
 r - a potion of agility {unknown}
 w - 3 potions of heal wounds
Comestibles
 e - 6 rations {!d}


   Skills:
 + Level 1.2 Fighting
 + Level 3.0 Short Blades
 + Level 4.4 Dodging
 + Level 6.0 Stealth
 + Level 3.9 Spellcasting
 + Level 4.6 Hexes
 + Level 0.6 Ice Magic


You had 2 spell levels left.
You knew the following spells:

 Your Spells              Type           Power        Failure   Level  Hunger
a - Ensorcelled Hibernat  Hex/Ice        ##....       9%          2    None
b - Confuse               Hex            ###.....     8%          3    ###....
c - Dazzling Orbs         Conj/Hex       ##.....      21%         3    ###....
d - Slow                  Hex            ###.....     2%          1    None

Your spell library contained the following spells:

 Spells                   Type           Power        Failure   Level  Hunger
 Tukima's Dance           Hex            ###.....     8%          3    ###....
 Cause Fear               Hex            ###.......   26%         4    #####..


Dungeon Overview and Level Annotations

Branches:
Dungeon (4/12)
 Temple: D:4-7

Altars:

Annotations:
D:4 Grinder


Innate Abilities, Weirdness & Mutations

You are very small and have problems with some larger weapons.
You are too small for most types of armour.
You have supernaturally acute eyesight. (SInv)
You are a herbivore.
You cover ground extremely quickly.
You need to consume almost no food.


Message History

Aim: an ooze (chance to defeat MR: 44%)
The ooze resists with some effort.
The ooze hits you.
Casting: Ensorcelled Hibernation (safe; 10% risk of failure)
Confirm with . or Enter, or press ? or * to list all spells.
Aiming: Ensorcelled Hibernation (safe; 10% risk of failure)
Press: ? - help, Shift-Dir - straight line, f/p - ooze
Aim: an ooze (chance to defeat MR: 44%)
The ooze resists with some effort.
The ooze misses you.
Casting: Ensorcelled Hibernation (safe; 10% risk of failure)
Confirm with . or Enter, or press ? or * to list all spells.
Aiming: Ensorcelled Hibernation (safe; 10% risk of failure)
Press: ? - help, Shift-Dir - straight line, f/p - ooze
Aim: an ooze (chance to defeat MR: 44%)
The ooze looks drowsy...
The helpless ooze fails to defend itself.
You impale the ooze!!
You kill the ooze!
You start resting.
HP restored.
Your magical contamination has completely faded away.
Magic restored.
e - 7 rations {!d} (gained 1)
The scorpion is too close now for your liking.
A scorpion is nearby!
Okay, then.
You eat one of the 7 rations {!d}.
That ration really hit the spot!
Found a stone staircase leading down.
Casting: Ensorcelled Hibernation (safe; 10% risk of failure)
Confirm with . or Enter, or press ? or * to list all spells.
Aiming: Ensorcelled Hibernation (safe; 10% risk of failure)
Press: ? - help, Shift-Dir - straight line, f - scorpion
Aim: a scorpion (chance to defeat MR: 44%)
You miscast Ensorcelled Hibernation.
You are very lightly contaminated with residual magic.
Strange energies run through your body.
Casting: Ensorcelled Hibernation (safe; 10% risk of failure)
Confirm with . or Enter, or press ? or * to list all spells.
Aiming: Ensorcelled Hibernation (safe; 10% risk of failure)
Press: ? - help, Shift-Dir - straight line, f/p - scorpion
Aim: a scorpion (chance to defeat MR: 44%)
The scorpion resists with some effort.
Casting: Ensorcelled Hibernation (safe; 10% risk of failure)
Confirm with . or Enter, or press ? or * to list all spells.
Aiming: Ensorcelled Hibernation (safe; 10% risk of failure)
Press: ? - help, Shift-Dir - straight line, f/p - scorpion
Aim: a scorpion (chance to defeat MR: 44%)
The scorpion looks drowsy...
The helpless scorpion fails to defend itself.
You impale the scorpion!!
You kill the scorpion!
Your Short Blades skill increases to level 3!
Your Stealth skill increases to level 6!
You start resting.
Your magical contamination has completely faded away.
Magic restored.
The adder is too close now for your liking.
An adder is nearby!
Grinder comes into view.
You have encountered a dangerous foe!
The adder hisses angrily.
Grinder shouts!
You hit Grinder but do no damage. Grinder hits you.
You writhe in agony.
Casting: Ensorcelled Hibernation (safe; 9% risk of failure)
Confirm with . or Enter, or press ? or * to list all spells.
Aiming: Ensorcelled Hibernation (safe; 9% risk of failure)
Press: ? - help, Shift-Dir - straight line, f - Grinder
Aim: Grinder (not susceptible)
Okay, then.
Casting: Ensorcelled Hibernation (safe; 9% risk of failure)
Confirm with . or Enter, or press ? or * to list all spells.
Aiming: Confuse (safe; 8% risk of failure)
Press: ? - help, Shift-Dir - straight line, f - Grinder
Aim: Grinder (chance to defeat MR: 50%)
You miscast Confuse.
You are very lightly contaminated with residual magic.
Strange energies run through your body. The adder completely misses you.
Grinder blinks!
Casting: Confuse (safe; 8% risk of failure)
Confirm with . or Enter, or press ? or * to list all spells.
Aiming: Ensorcelled Hibernation (safe; 9% risk of failure)
Press: ? - help, Shift-Dir - straight line, f - adder
Aim: an adder (chance to defeat MR: 53%)
The adder resists with significant effort.
The adder misses you.
Casting: Ensorcelled Hibernation (safe; 9% risk of failure)
Confirm with . or Enter, or press ? or * to list all spells.
Aiming: Ensorcelled Hibernation (safe; 9% risk of failure)
Press: ? - help, Shift-Dir - straight line, f/p - adder
Aim: an adder (chance to defeat MR: 53%)
The adder looks drowsy...
Grinder gestures at you.
You suddenly lose the ability to move!
The adder bites you.
You are poisoned.
The adder poisons you! The adder bites you but does no damage.
You feel sick. The adder bites you.
You are more poisoned.
The adder poisons you! Grinder hits you!
* * * LOW HITPOINT WARNING * * *
You writhe in agony.
You die...

## ##.......#...........#
#....#..##.......##.# ##.
#..............#...†##....
##.##.....##...#..........
####..#..###.###...###.#.
##.##..##..#...##
#####.##.##..#....#
##.5...........#
#.@S..........##
#.............[#
###.........#..#
......##.##### #......###
##=...## ....# ##...


You could see Grinder and an adder.

Vanquished Creatures
  A scorpion (D:4)
  An orc priest (D:3)
  A jelly (D:3)
  A worker ant (D:3)
  An ooze (D:4)
  3 worms
  A dart slug (D:2)
  A leopard gecko (D:3)
  5 orcs (D:3)
  2 ball pythons (D:2)
  5 bats
  3 giant cockroaches (D:1)
  5 goblins
  9 hobgoblins
  9 jackals
  3 quokkas
  2 frilled lizards
  8 kobolds
  3 rats
64 creatures vanquished.

Notes
Turn   | Place    | Note
-------+----------+-------------------------------------------
     0 | D:1      | Artagas the Spriggan Enchanter began the quest for the Orb.
     0 | D:1      | Reached XP level 1. HP: 9/9 MP: 5/5
   168 | D:1      | Reached skill level 5 in Stealth
   217 | D:1      | Reached XP level 2. HP: 13/13 MP: 4/6
   365 | D:1      | Reached skill level 3 in Spellcasting
   418 | D:1      | Learned a level 2 spell: Ensorcelled Hibernation
   985 | D:2      | Reached skill level 4 in Hexes
   985 | D:2      | Reached XP level 3. HP: 16/16 MP: 5/8
  1072 | D:2      | Reached skill level 2 in Short Blades
  1139 | D:2      | Learned a level 3 spell: Confuse
  1748 | D:3      | Reached XP level 4. HP: 21/21 MP: 10/10
  2008 | D:3      | Reached skill level 4 in Dodging
  2192 | D:3      | Learned a level 3 spell: Dazzling Orbs
  2391 | D:3      | Reached skill level 1 in Fighting
  2391 | D:3      | Reached XP level 5. HP: 25/25 MP: 5/11
  2794 | D:4      | Reached skill level 3 in Short Blades
  2794 | D:4      | Reached skill level 6 in Stealth
  2822 | D:4      | Noticed Grinder
  2843 | D:4      | Paralysed by Grinder for 4 turns
  2846 | D:4      | Slain by Grinder

Skill      XL: |  1  2  3  4  5 |
---------------+----------------+-----
Stealth        | 5 6 |  6.0
Spellcasting   | 3 |  3.9
Hexes          | 4 |  4.6
Short Blades   | 2 3 |  3.0
Dodging        | 4 |  4.4
Fighting       | 1 |  1.2
Ice Magic      | |  0.6

Action                   |  1- 3 |  4- 6 || total
-------------------------+-------+-------++-------
Melee: Dagger            |    82 |    70 ||   152
 Cast: Slow              |     8 |       ||     8
       Ensorcelled Hiber |    14 |    22 ||    36
       Confuse           |       |     1 ||     1
  Use: Scroll            |     6 |       ||     6
 Stab: Sleeping          |    19 |    15 ||    34
       Confused          |       |     1 ||     1
  Eat: Ration            |       |     1 ||     1
Armor: Robe              |     3 |     1 ||     4
Dodge: Dodged            |    46 |    38 ||    84

Levels and vault maps discovered:
D:1:      minmay_arrival_widening_spiral_wide, layout_loops_ring,
          minmay_misc_feat_more_columns, hangedman_decor_growths
D:2:      layout_basic, first_ration
D:3:      layout_loops_ring
D:4:      layout_cave_pools, nicolae_overflow_hidden_temple,
          minmay_temple_entry_sparse_star, nemelex_lonely_heart_becter,
          uniq_robin, uniq_grinder

Table legend:
 A = Turns spent in this place as a percentage of turns spent in the entire game.
 B = Non-inter-level travel turns spent in this place as a percentage of non-inter-level travel turns spent in the entire game.
 C = Inter-level travel turns spent in this place as a percentage of turns spent in this place.
 D = Turns resting spent in this place as a percentage of non-inter-level travel turns spent in this place.
 E = Turns spent auto-exploring this place as a percentage of non-inter-level travel turns spent in this place.
 F = Non-inter-level travel turns spent in this place divided by the number of levels of this place that you've seen.
                   A       B       C       D       E      F
               +-------+-------+-------+-------+-------+----------------------
         Total | 100.0 | 100.0 |   3.0 |   6.2 |  71.5 | 690.2
       Dungeon | 100.0 | 100.0 |   3.0 |   6.2 |  71.5 | 690.2
               +-------+-------+-------+-------+-------+----------------------

Table legend:
 A = Kills in this place as a percentage of kills in entire the game.
 B = Kills by you in this place as a percentage of kills by you in the entire game.
 C = Kills by friends in this place as a percentage of kills by friends in the entire game.
 D = Other kills in this place as a percentage of other kills in the entire game.
 E = Experience gained in this place as a percentage of experience gained in the entire game.
 F = Experience gained in this place divided by the number of levels of this place that you have seen.
                   A       B       C       D       E      F
               +-------+-------+-------+-------+-------+----------------------
         Total | 100.0 | 100.0 |   N/A |   N/A | 100.0 |  82.0
       Dungeon | 100.0 | 100.0 |   N/A |   N/A | 100.0 |  82.0
               +-------+-------+-------+-------+-------+----------------------
